 Dungeon Crawl Stone Soup version 0.24.0-1-gfbc8707122 (webtiles) character file.

Game seed: 8393923418544940910, levelgen mode: deterministic

994 Esekla the Slasher (level 8, -1/54 HPs)
             Began as an Octopode Abyssal Knight on Oct 25, 2019.
             Was a Priest of Lugonu.
             Slain by a worker ant (7 damage)
             ... on level 6 of the Dungeon.
             The game lasted 00:32:23 (5646 turns).

Esekla the Slasher (Octopode Abyssal Knight)        Turns: 5646, Time: 00:32:24

Health: -1/54      AC:  4    Str: 12    XL:     8   Next: 19%
Magic:  9/10       EV: 15    Int: 14    God:    Lugonu [***...]
Gold:   299        SH:  0    Dex: 13    Spells: 7/7 levels left

rFire    + . .     SeeInvis .   a - +1 falchion
rCold    . . .     Gourm    .   (no shield)
rNeg     . . .     Faith    .   (helmet restricted)
rPois    .         Spirit   .   (no amulet)
rElec    .         Reflect  .   f - +3 ring of protection
rCorr    .         Harm     .   t - ring of protection from fire
MR       .....                  (no ring)
Stlth    +++.......             (no ring)
HPRegen  0.18/turn              (no ring)
MPRegen  0.12/turn              (no ring)
                                (no ring)
                                (no ring)

@: lethally poisoned (-1 -> -6)
A: almost no armour, stealthy swim, amphibious, 8 rings, constrict 8, camouflage
1, gelatinous body 1
a: Depart the Abyss, Bend Space, Banish, Renounce Religion


You were on level 6 of the Dungeon.
You worshipped Lugonu.
Lugonu was most pleased with you.
You were hungry.

You visited 1 branch of the dungeon, and saw 6 of its levels.
You visited the Abyss 1 time.

You collected 299 gold pieces.

Inventory:

Hand Weapons
 a - a +1 falchion (weapon)
 v - a +1 vampiric spear
Missiles
 o - 5 javelins
 r - 29 poisoned darts (quivered)
 x - 2 boomerangs
Jewellery
 f - a +3 ring of protection (left tentacle)
 t - a ring of protection from fire (right tentacle)
 C - an uncursed ring of protection from fire
Wands
 e - a wand of polymorph (8)
 p - a wand of random effects (12)
 D - a wand of disintegration (15)
Scrolls
 d - 2 scrolls of fog {unknown}
 g - 4 scrolls of remove curse {unknown}
 j - 2 scrolls of immolation {unknown}
 l - 2 scrolls of amnesia {unknown}
 m - 5 scrolls of identify {unknown}
 n - 4 scrolls of teleportation {unknown}
 q - a scroll of noise {unknown}
 u - 2 scrolls of enchant weapon {unknown}
 w - a scroll of magic mapping {unknown}
 y - 4 scrolls of random uselessness {unknown}
 A - a scroll of brand weapon {unknown}
Potions
 c - a potion of magic {unknown}
 h - a potion of ambrosia {unknown}
 i - 2 potions of flight {unknown}
 k - a potion of curing
 s - 2 potions of brilliance {unknown}
 z - a potion of heal wounds {unknown}
 B - a potion of cancellation {unknown}
Comestibles
 b - 6 rations


   Skills:
 + Level 4.3 Fighting
 * Level 7.0 Long Blades
 + Level 1.3 Throwing
 + Level 3.9 Dodging
 - Level 3.0 Stealth
 * Level 3.8 Invocations


You had 7 spell levels left.
You didn't know any spells.
Your spell library was empty.

Dungeon Overview and Level Annotations

Branches:
Dungeon (6/15)             Temple (0/1) D:4

Altars:
Ashenzari
Fedhas
Nemelex Xobeh
Sif Muna
Vehumet
Yredelemnul
The Shining One

Shops:
D:4 (((


Innate Abilities, Weirdness & Mutations

You cannot wear most types of armour.
You are very stealthy in the water. (Stealth+)
You are amphibious.
You can wear up to eight rings at the same time.
You can use your tentacles to constrict eight enemies at once.
Your skin changes colour to match your surroundings (Stealth+).
Your rubbery body absorbs attacks. (AC +1, EV +1)


Message History

You slash the wyvern skeleton!
You destroy the wyvern skeleton!
Lugonu accepts your kill.
Your Long Blades skill increases to level 7!
The worker ant bites you!
* * * LOW HITPOINT WARNING * * *
You hit the worker ant. You grab the worker ant. You squeeze the worker ant.
The worker ant is moderately wounded.
You constrict the worker ant. The worker ant bites you.
* * * LOW HITPOINT WARNING * * *
You feel better.
You constrict the worker ant. The worker ant bites you.
* * * LOW HITPOINT WARNING * * *
You are poisoned.
The worker ant poisons you!
You hit the worker ant. You squeeze the worker ant.
The worker ant is severely wounded.
You constrict the worker ant.
* * * LOW HITPOINT WARNING * * *
You feel sick. The worker ant bites you!
You die...

###########.......#
#####....##.)......#
.................### .....
##.....#####..## ..... #...<.#
##.## ..... ##....# #..# .....
###(.# ##.## ..... ## ####
#..###### #..... ..# ##...@a..#
#..... ...# #..#####.# #.....
....## #..# #.## #.>..
......######.######.a#########...
.....#...........................
.....†#..........................
.....#.#........8.......8........
.....##.#.......................#
..... ##.#.....8.........8.....#.


You could see a worker ant.

Vanquished Creatures
  A water moccasin (D:6)
  An ogre (D:4)
  A bullfrog (D:6)
  2 scorpions (D:4)
  A wyvern skeleton (D:6)
  A howler monkey (D:6)
  2 orc priests (D:5)
  4 orc wizards
  A bullfrog skeleton (D:4)
  3 iguanas (D:5)
  Terence (D:3)
  Ijyb (D:3)
  4 gnolls
  9 adders
  An adder zombie (D:4)
  2 adder skeletons (D:4)
  4 worms
  2 dart slugs (D:2)
  2 leopard geckos
  10 orcs
  A bat (D:3)
  4 giant cockroaches
  8 goblins
  8 hobgoblins
  10 jackals
  7 kobolds
  4 quokkas
  A ball python (D:1)
  4 frilled lizards
  A leopard gecko zombie (D:5)
  3 rats
104 creatures vanquished.

Notes
Turn   | Place    | Note
-------+----------+-------------------------------------------
     0 | Abyss:1  | Esekla the Octopode Abyssal Knight began the quest for the
                  | Orb.
     0 | Abyss:1  | Reached XP level 1. HP: 16/16 MP: 2/2
    53 | Abyss:3  | Noticed a neqoxec
    55 | Abyss:3  | Noticed a glowing orange brain
    55 | Abyss:3  | Noticed a starcursed mass
    55 | Abyss:3  | Noticed a neqoxec
    56 | Abyss:3  | Noticed a cyan very ugly thing
    60 | Abyss:3  | Found a corrupted altar of Lugonu.
    61 | Abyss:3  | Noticed an orange crystal statue
    62 | Abyss:3  | Noticed a cyan very ugly thing
    62 | Abyss:3  | Noticed a glowing orange brain
    67 | Abyss:3  | Noticed a neqoxec
    70 | Abyss:3  | Noticed a glowing orange brain
    72 | Abyss:3  | Noticed a neqoxec
    94 | Abyss:3  | Noticed a sixfirhy
    99 | D:1      | Escaped the Abyss
   294 | D:1      | Reached XP level 2. HP: 8/21 MP: 3/3
   482 | D:1      | Reached * piety under Lugonu
   577 | D:1      | Reached XP level 3. HP: 23/26 MP: 4/4
   935 | D:2      | Found a basalt altar of Yredelemnul.
   935 | D:2      | Found a shimmering blue altar of Sif Muna.
   936 | D:2      | Found a blossoming altar of Fedhas.
   983 | D:2      | Reached skill level 1 in Stealth
  1123 | D:2      | Reached XP level 4. HP: 33/33 MP: 5/5
  1519 | D:3      | Noticed Ijyb
  1530 | D:3      | Killed Ijyb
  1530 | D:3      | Reached ** piety under Lugonu
  1530 | D:3      | Reached skill level 3 in Long Blades
  1767 | D:2      | Found a sparkling altar of Nemelex Xobeh.
  1772 | D:2      | Reached XP level 5. HP: 30/37 MP: 6/6
  1776 | D:2      | Found a radiant altar of Vehumet.
  1781 | D:2      | Found a shattered altar of Ashenzari.
  2269 | D:3      | Noticed Terence
  2595 | D:3      | Killed Terence
  2816 | D:3      | Found a faded altar of an unknown god.
  2943 | D:4      | Found Pit Tuap's Weapon Boutique.
  2949 | D:4      | Noticed an ogre
  3055 | D:4      | Reached skill level 4 in Long Blades
  3055 | D:4      | Reached XP level 6. HP: 39/43 MP: 7/7
  3125 | D:4      | Found a glowing golden altar of the Shining One.
  3162 | D:4      | Found a staircase to the Ecumenical Temple.
  3551 | D:5      | Entered Level 5 of the Dungeon
  3619 | D:5      | Reached skill level 5 in Long Blades
  3679 | D:4      | Reached XP level 7. HP: 27/48 MP: 9/9
  3815 | D:5      | Reached skill level 1 in Throwing
  4004 | D:4      | Found Zeogul's Antique Weapon Shop.
  4055 | D:4      | Found Sets's Antique Weapon Boutique.
  4099 | D:4      | Reached *** piety under Lugonu
  4422 | D:4      | Reached skill level 6 in Long Blades
  5283 | D:6      | Reached XP level 8. HP: 37/54 MP: 10/10
  5586 | D:6      | Noticed a hippogriff
  5625 | D:6      | HP: 2/54 [wyvern skeleton (5)]
  5642 | D:6      | Reached skill level 7 in Long Blades
  5644 | D:6      | HP: 1/54 [worker ant (4)]
  5646 | D:6      | Slain by a worker ant

Levels and vault maps discovered:
D:1:      dpeg_arrival_pits, layout_loops_ring
D:2:      layout_loops_ring, minmay_overflow_temple_star_quad,
          nicolae_overflow_hidden_temple, first_ration,
          kennysheep_generic_room_12
D:3:      layout_loops_ring, chequers_ecumenical_altar_lobes,
          minmay_misc_feat_enclosed, uniq_terence, uniq_ijyb
D:4:      layout_rooms, lemuel_coloured_pillars_altar, minmay_temple_entry_grid,
          serial_shops, shop, shop_statue,
          nicolae_shop_temple_entry_statues_fountains
D:5:      layout_loops_corners
D:6:      wad_pebble_path, layout_cave_pods, uniq_duvessa

Skill      XL: |  1  2  3  4  5  6  7  8 |
---------------+-------------------------+-----
Stealth        | 1 2 3 |  3.0
Dodging        | 3 |  3.9
Long Blades    | 3 4 5 6 7 |  7.0
Fighting       | 4 |  4.3
Invocations    | 3 |  3.8
Throwing       | 1 |  1.3

Action                   |  1- 3 |  4- 6 |  7- 9 || total
-------------------------+-------+-------+-------++-------
Melee: Falchion          |    45 |   112 |    72 ||   229
       Constrict         |    13 |    31 |    17 ||    61
       Tentacles         |     9 |    21 |    17 ||    47
Throw: Javelin           |       |     2 |       ||     2
       Dart              |       |    13 |       ||    13
Invok: Depart the Abyss  |     1 |       |       ||     1
       Bend Space        |       |       |     3 ||     3
  Use: Potion            |       |       |     2 ||     2
 Stab: Sleeping          |     7 |    15 |       ||    22
  Eat: Chunk             |       |     5 |     6 ||    11
       Ration            |       |     1 |       ||     1
Armor: Skin              |     5 |    16 |     7 ||    28
Dodge: Dodged            |    24 |    58 |    45 ||   127
       Rpst.: Falchion   |    11 |    18 |    13 ||    42
